 Dungeon Crawl Stone Soup version 0.29.1-2-gbd0b4ee654 (webtiles) character file.

Game seed: 16236592723746394429

1468 zeram the Cudgeller (level 8, -13/49 HPs)
             Began as a Gargoyle Fighter on Nov 2, 2022.
             Was an Initiate of Yredelemnul.
             Mangled by a gargoyle
             ... wielding a +0 dire flail
              (15 damage)
             ... on level 7 of the Dungeon.
             The game lasted 00:14:25 (7680 turns).

zeram the Cudgeller (Gargoyle Fighter)              Turns: 7680, Time: 00:14:26

Health: -13/49     AC: 17    Str: 21    XL:     8   Next: 77%
Magic:  8/8        EV: 10    Int: 10    God:    Yredelemnul [......]
Gold:   225        SH:  4    Dex:  9    Spells: 7/7 levels left

rFire   . . .      SeeInvis .   x - +2 whip (vamp)
rCold   . . .      Faith    .   c - +0 buckler
rNeg    + . .      Spirit   .   b - +0 scale mail
rPois   ∞          Reflect  .   u - +0 helmet
rElec   +          Harm     .   (no cloak)
rCorr   +          Rampage  .   s - +1 pair of gloves
Will    .....                   (no boots)
Stlth   ..........              (no amulet)
HPRegen 0.16/turn               g - ring of resist corrosion
MPRegen 0.11/turn               (no ring)

@: no status effects
A: sickness immunity, AC +5, negative energy resistance 1, electricity
resistance, torment resistance 1, petrification resistance
a: Renounce Religion, Recall Undead Harvest


You were on level 7 of the Dungeon.
You worshipped Yredelemnul.
Yredelemnul was noncommittal.
You visited 1 branch of the dungeon, and saw 7 of its levels.
You also visited: Sewer.

You collected 540 gold pieces.
You spent 315 gold pieces at shops.

Inventory:

Hand Weapons
 a - a +1 flail
 i - a +0 vampiric dagger
 n - a +3 war axe
 p - the +1 morningstar of Jeumoora {protect, rF- rC+++ Dex+2}
   (You bought it in a shop on level 4 of the Dungeon)

   It grants its wielder temporary protection when it strikes (+7 to AC).
   Dex:       It affects your dexterity (+2).
   rF:        It makes you vulnerable to fire.
   rC:        It renders you almost immune to cold.
 x - a +2 vampiric whip (weapon)
Missiles
 h - 4 throwing nets (quivered)
Armour
 b - a +0 scale mail (worn)
 c - a +0 buckler (worn)
 s - a +1 pair of gloves (worn)
 u - a +0 helmet (worn)
Jewellery
 g - a ring of resist corrosion (left hand)
 o - an amulet of reflection
 t - a ring of fire
Wands
 k - a wand of paralysis (3)
Scrolls
 f - 4 scrolls of teleportation
Potions
 d - 2 potions of mutation
 j - 4 potions of flight
 l - a potion of degeneration
 m - a potion of brilliance
 q - a potion of magic


   Skills:
 + Level 5.3 Fighting
 + Level 7.1 Maces & Flails
 + Level 6.6 Armour
 + Level 2.4 Dodging
 + Level 4.9 Shields


You had 7 spell levels left.
You didn't know any spells.
Your spell library contained the following spells:

 Spells                   Type           Power      Damage    Failure   Level
 Apportation              Tloc           0%         N/A       77%         1
 Ozocubu's Armour         Ice            0%         N/A       98%         3
 Olgreb's Toxic Radiance  Pois           0%         N/A       100%        4
 Alistair's Intoxication  Tmut/Pois      0%         N/A       100%        5
 Metabolic Englaciation   Hex/Ice        0%         N/A       100%        5
 Ozocubu's Refrigeration  Ice            0%         4d7       100%        7
 Ignition                 Fire           0%         3d3       100%        8
 Simulacrum               Ice/Necr       Unusable   N/A       N/A         6

Dungeon Overview and Level Annotations

Branches:
Dungeon (7/15)             Temple (0/1) D:6           Sewer (visited)

Altars:
Ashenzari
Dithmenos
Fedhas
Gozag
Nemelex Xobeh
Okawaru
Qazlal
Sif Muna
Wu Jian
Xom
Yredelemnul
Zin

Shops:
D:4 [!!(   D:5 (*

Annotations:
D:7 2 transporters, Grum; safid's ghost, novice MiHu


Innate Abilities, Weirdness & Mutations

You are immune to sickness and miasma.
Your stone body is resilient. (AC +5)
You are immune to poison.
You resist negative energy. (rN+)
You are resistant to electric shocks. (rElec)
You are resistant to unholy torment.
You are immune to petrification.


Message History

You block the gargoyle's attack.
Okay, then.
You hit the gargoyle.
The gargoyle is lightly damaged.
The gargoyle hits you with a +0 dire flail.
You hit the gargoyle.
The gargoyle is moderately damaged.
You hit the gargoyle but do no damage.
The gargoyle is moderately damaged.
The gargoyle closely misses you.
You hit the gargoyle.
The gargoyle is heavily damaged.
The gargoyle hurls a stone arrow at you.
The stone arrow misses you.
You hit the gargoyle but do no damage.
The gargoyle is heavily damaged.
The gargoyle hurls a stone arrow at you.
The stone arrow hits you!
You barely miss the gargoyle.
The gargoyle is heavily damaged.
The gargoyle closely misses you.
You hit the gargoyle but do no damage.
The gargoyle is heavily damaged.
The gargoyle hurls a stone arrow at you.
The stone arrow misses you.
You hit the gargoyle but do no damage.
The gargoyle is heavily damaged.
You hit the gargoyle.
The gargoyle is heavily damaged.
The gargoyle hits you with a +0 dire flail.
You hit the gargoyle but do no damage.
The gargoyle is heavily damaged.
The gargoyle hurls a stone arrow at you.
The stone arrow hits you!!
* * * LOW HITPOINT WARNING * * *
You whack the gargoyle!
The gargoyle is almost destroyed.
The gargoyle hits you with a +0 dire flail!
You die...
Your body rises from the dead as a mindless zombie.

#.##.≈≈.# #....)...#
######.#8.≈≈.# ##.#####.##
.......###≈≈.#######.# #..#####
##.###...#≈≈.##......# #.......
.###.#.#.#≈≈.##.####.# #.>#####
.....#####≈≈.##.# #.#####.##
≈≈≈≈≈≈≈≈≈≈≈≈..#.# #.......#
≈≈≈≈≈≈≈≈≈≈≈≈..#.#######.#.##
...............9@.......#.#######
.##...####.############..........
###..Z...........# ###.#######
########.#####.# #.#######
###...# #.......# #...#.#
#######..
#.#.y.#####################
#.###..9........##......... #(#
####.#.#.##..##########


You could see a gargoyle.

Vanquished Creatures
  A water moccasin (Sewer)
  A sky beast (D:6)
  2 ice beasts
  An ogre (D:6)
  2 centaurs (D:6)
  2 phantoms
  A bullfrog (D:7)
  A scorpion (D:7)
  2 wights (D:7)
  A hound (D:3)
  2 jellies
  A gnoll bouda (D:6)
  An orc wizard (D:6)
  3 iguanas
  Robin (D:4)
  4 adders
  4 gnolls
  3 shadow imps
  A white imp (D:5)
  3 worms
  5 dart slugs
  14 orcs
  5 endoplasms
  3 giant cockroaches
  18 goblins
  9 hobgoblins
  5 jackals
  2 quokkas
  3 ball pythons
  10 bats
  4 frilled lizards
  5 kobolds
  2 rats (D:1)
  A spectral orc (D:3)
123 creatures vanquished.

Vanquished Creatures (collateral kills)
  A gnoll (D:5)
  A worm (D:5)
  A giant cockroach (D:5)
  3 goblins (D:4)
  A ball python (D:4)
  A bat (Sewer)
8 creatures vanquished.

Vanquished Creatures (others)
  A centaur zombie (D:6)
  A bullfrog zombie (D:7)
  A worm zombie (D:5)
  A jelly zombie (D:7)
  2 spectral shadow imps (D:5)
  A spectral white imp (D:5)
  A gnoll zombie (D:5)
  A giant cockroach zombie (D:5)
  2 goblin zombies (D:4)
  A hobgoblin zombie (D:4)
  3 jackal zombies (D:4)
  An orc zombie (D:6)
  2 fungi (D:6)
  34 plants
52 creatures vanquished.

Grand Total: 183 creatures vanquished

Notes
Turn   | Place    | Note
-------+----------+-------------------------------------------
     0 | D:1      | zeram the Gargoyle Fighter began the quest for the Orb.
     0 | D:1      | Reached XP level 1. HP: 14/14 MP: 1/1
   188 | D:1      | Reached XP level 2. HP: 17/19 MP: 2/2
   866 | D:2      | Reached XP level 3. HP: 16/23 MP: 3/3
  1914 | D:3      | Reached skill level 3 in Maces & Flails
  1914 | D:3      | Reached XP level 4. HP: 25/28 MP: 4/4
  2007 | D:3      | Found a basalt altar of Yredelemnul.
  2020 | D:3      | Became a worshipper of Yredelemnul the Dark
  2333 | D:3      | Found an iron altar of Okawaru.
  2346 | D:3      | Reached * piety under Yredelemnul
  2477 | D:3      | Found a shimmering blue altar of Sif Muna.
  2826 | D:4      | Reached XP level 5. HP: 33/33 MP: 5/5
  2861 | D:4      | Noticed Robin
  2875 | D:4      | Killed Robin
  2880 | D:4      | Your ally Robin died
  3550 | D:4      | Found Emetsyci's Distillery.
  3552 | D:4      | Found Tuope's Antique Weapon Boutique.
  3552 | D:4      | Found Gofuestru's Antique Armour Boutique.
  3554 | D:4      | Found Qufar's Distillery.
  3559 | D:4      | Bought a potion of might for 40 gold pieces
  3559 | D:4      | Bought a potion of heal wounds for 50 gold pieces
  3613 | D:4      | Reached ** piety under Yredelemnul
  3674 | D:4      | Found an opulent altar of Gozag.
  3900 | D:5      | Entered Level 5 of the Dungeon
  3903 | D:5      | Found Zin's Purification Station.
  3903 | D:5      | Found a broken altar of Ashenzari.
  3952 | D:5      | Found a glowing silver altar of Zin.
  4028 | D:5      | Found a shimmering altar of Xom.
  4091 | D:5      | Reached skill level 4 in Maces & Flails
  4215 | D:5      | Reached XP level 6. HP: 37/38 MP: 6/6
  4221 | D:5      | Found Yremipp's Antique Weapon Shoppe.
  4235 | D:5      | Reached skill level 1 in Dodging
  4248 | D:5      | Found a glowing drain.
  4257 | Sewer    | Entered a sewer
  4395 | Sewer    | Noticed a water moccasin
  4403 | Sewer    | Killed a water moccasin
  4404 | Sewer    | Reached skill level 5 in Armour
  4493 | D:6      | Reached skill level 5 in Maces & Flails
  4493 | D:6      | Reached XP level 7. HP: 12/44 MP: 7/7
  5410 | D:6      | Found a sparkling altar of Nemelex Xobeh.
  5420 | D:6      | Reached XP level 8. HP: 34/48 MP: 8/8
  5634 | D:6      | Found a blossoming altar of Fedhas.
  5640 | D:6      | Found a stormy altar of Qazlal.
  5699 | D:6      | Reached skill level 6 in Maces & Flails
  5699 | D:6      | Found an ornate altar of the Wu Jian Council.
  5727 | D:6      | Found a staircase to the Ecumenical Temple.
  5782 | D:6      | Reached skill level 5 in Fighting
  6020 | D:4      | Bought a scorched morningstar for 225 gold pieces
  6020 | D:4      | Identified the +1 morningstar of Jeumoora {protect, rF-
                  | rC+++ Dex+2} (You bought it in a shop on level 4 of the
                  | Dungeon)
  6095 | D:5      | Found a shadowy altar of Dithmenos.
  7105 | D:7      | Noticed safid's ghost (novice MiHu)
  7137 | D:7      | Reached skill level 7 in Maces & Flails
  7331 | D:7      | Identified the +7 spear of Yqaroipa {venom, rF+ Int+2}
  7331 | D:7      | Identified the +0 scale mail "Koilujiz" {Contam rElec rN+++
                  | Int-2}
  7350 | D:7      | Found a transporter.
  7356 | D:7      | Identified the ring of Qofefac {Fire rN+ Dex+6}
  7360 | D:7      | Noticed Grum
  7407 | D:7      | Found a transporter.
  7444 | D:7      | Noticed a gargoyle
  7679 | D:7      | HP: 2/49 [gargoyle/stone arrow (24)]
  7680 | D:7      | Mangled by a gargoyle

Illustrated notes

Levels and vault maps discovered:
D:1:      scummos_arrival_star, layout_rooms, minmay_tripent
D:2:      layout_loops_corners
D:3:      layout_loops_ring, led_sif_pool, okawaru_ov_weapons_minmay,
          yredelemnul_forgotten_temple_becter
D:4:      kennysheep_goblin_castle, layout_cave_pools,
          nicolae_gozag_cash_rules_everything_around_me, serial_bayou,
          serial_bayou_pond_d, serial_bayou_shore_a, serial_bayou_pond_c,
          serial_bayou_pond_b, serial_bayou_pond_e, minmay_shop_grid_forest,
          grunt_decor_mini_mirrors, nicolae_elevator_lobby_plus
D:5:      layout_cave_pools, mainiacjoe_overflow_alcove_4, tgw_xom, zin_purify,
          lemuel_doored_altar, cheibrodos_sewer_entry_drain, serial_shops,
          nicolae_shop_stone
D:6:      layout_rooms, grunt_temple_overflow_forces_of_nature,
          nemelex_dance_club_becter, mainiacjoe_overflow_catwalk,
          minmay_temple_entry_overgrown, serial_bayou_pond_e
D:7:      layout_loops_ring, gammafunk_ghost_gnarly_gnolls,
          hangedman_decor_clover_reticule, minmay_small_thing

Skill      XL: |  1  2  3  4  5  6  7  8 |
---------------+-------------------------+-----
Armour         | 4 5 6 |  6.6
Maces & Flails | 3 4 5 7 |  7.1
Fighting       | 4 5 |  5.3
Dodging        | 1 2 |  2.4
Shields        | 4 |  4.9

Action                   |  1- 3 |  4- 6 |  7- 9 || total
-------------------------+-------+-------+-------++-------
Melee: Flail             |   116 |   198 |    91 ||   405
       Whip              |       |       |   136 ||   136
Evoke: Wand              |       |       |     1 ||     1
  Use: Scroll            |     4 |     6 |    11 ||    21
       Potion            |       |     5 |     7 ||    12
 Stab: Distracted        |       |     1 |       ||     1
Armor: Scale mail        |    72 |   199 |   119 ||   390
       Skin              |       |       |    10 ||    10
Dodge: Dodged            |    63 |   136 |   107 ||   306
Block: Buckler           |    26 |    72 |    52 ||   150
